 Dungeon Crawl Stone Soup version 0.29-a0-813-g4a14ea37d6 (webtiles) character file.

Game seed: 10240456535116913408

121 gobodom the Insei (level 5, -8/33 HPs)
             Began as an Octopode Transmuter on July 4, 2022.
             Mangled by Sigmund
             ... wielding a +0 scythe
              (11 damage)
             ... on level 3 of the Dungeon.
             The game lasted 00:04:31 (2067 turns).

gobodom the Insei (Octopode Transmuter)             Turns: 2067, Time: 00:04:32

Health: -8/33      AC:  1    Str: 11    XL:     5   Next: 5%
Magic:  9/9        EV: 13    Int: 15    God:
Gold:   76         SH:  0    Dex: 13    Spells: 8/9 levels left

rFire   . . .      SeeInvis .   h - +2 dagger (drain)
rCold   . . .      Faith    .   (no shield)
rNeg    . . .      Spirit   .   (helmet restricted)
rPois   .          Reflect  .   (no amulet)
rElec   .          Harm     .   (no ring)
rCorr   .          Rampage  .   (no ring)
Will    .....                   (no ring)
Stlth   +++.......              (no ring)
HPRegen 0.11/turn               (no ring)
MPRegen 0.11/turn               (no ring)
                                (no ring)
                                (no ring)

@: no status effects
A: almost no armour, amphibious, 8 rings, camouflage 1, gelatinous body 1,
(nimble swimmer 1), tentacles
a: no special abilities


You were on level 3 of the Dungeon.
You visited 1 branch of the dungeon, and saw 3 of its levels.

You collected 76 gold pieces.

Inventory:

Hand Weapons
 h - a +2 dagger of draining (weapon)
Missiles
 j - 4 poisoned darts
Armour
 i - a +0 kite shield
Magical Staves
 b - a staff of cold
Wands
 n - a wand of flame (4)
Scrolls
 c - 2 scrolls of identify {unknown}
 e - a scroll of teleportation {unknown}
 g - a scroll of fear {unknown}
 k - a scroll of vulnerability {unknown}
 l - 2 scrolls of noise {unknown}
Potions
 a - 2 potions of lignification
 d - 2 potions of heal wounds {unknown}
 f - a potion of magic {unknown}
 m - a potion of mutation {unknown}


   Skills:
 + Level 1.2 Fighting
 + Level 0.4 Short Blades
 + Level 2.5 Dodging
 + Level 1.9 Stealth
 + Level 4.0 Unarmed Combat
 + Level 2.7 Spellcasting
 + Level 2.5 Transmutations


You had 8 spell levels left.
You knew the following spells:

 Your Spells              Type           Power      Damage    Failure   Level
a - Beastly Appendage     Tmut           18%        N/A       7%          1

Your spell library contained the following spells:

 Spells                   Type           Power      Damage    Failure   Level
 Wereblood                Tmut           9%         N/A       11%         2
 Spider Form              Tmut/Pois      5%         N/A       36%         3
 Ice Form                 Ice/Tmut       5%         N/A       77%         4


Dungeon Overview and Level Annotations

Branches:
Dungeon (3/15)

Altars:

Annotations:
D:3 Sigmund


Innate Abilities, Weirdness & Mutations

You cannot wear most types of armour.
You are amphibious.
You can wear up to eight rings at the same time.
Your skin changes colour to match your surroundings (Stealth+).
Your rubbery body absorbs attacks. (AC +1, EV +1)
((You are camouflaged when in or above water. (Stealth+)))
You have tentacles for arms and can constrict up to eight enemies at once.


Message History

Found 14 gold pieces.
Your transformation is almost over.
Sigmund points at you and mumbles some strange words.
The puff of flame hits you!
You hit Sigmund. You drain Sigmund. Your grab misses Sigmund.
Your tentacle spike misses Sigmund.
Sigmund is moderately wounded.
Sigmund casts a spell.
Sigmund flickers and vanishes!
Deactivating autopickup; reactivate with Ctrl-A.
You barely miss something. Your squeeze misses something. Something hits you!
You miss something.
Your tentacle spike misses something.
Your squeeze misses something.
A giant cockroach comes into view.
Something hits you.
You completely miss something. You hit something but do no damage.
You hear some strange, mumbled words.
A puff of flame appears from out of thin air!
The puff of flame misses you.
A frilled lizard comes into view.
The frilled lizard hisses angrily.
You hit something. Something hits you.
You barely miss something.
Your tentacle spike misses something.
Something completely misses you.
You barely miss something.
Your tentacle spike misses something.
The giant cockroach barely misses you.
You barely miss something. Something hits you.
* * * LOW HITPOINT WARNING * * *
The giant cockroach barely misses you.
You miss something. Your squeeze misses something.
The giant cockroach closely misses you. Something hits you.
* * * LOW HITPOINT WARNING * * *
You hit something but do no damage.
Your tentacle spike misses something.
You squeeze something.
Your tentacle spike disappears.
The giant cockroach bites you.
* * * LOW HITPOINT WARNING * * *
You closely miss something. Your squeeze misses something. Something hits you!
You die...

#. #........<..
#.#.###.##########
#.#...........#
#.#####.....#.#
#.# #.###.#.# #)#
#.# #.#.#
#######.#####.#
#.#.####
........).....#
#.#.....
......B@#######
#.###### ......l{#
#....... $.......#
######## ....(...#
........#
........#
........#
#########


You could see a giant cockroach and a frilled lizard.

Vanquished Creatures
  Jessica (D:2)
  Ijyb (D:3)
  An adder (D:2)
  2 dart slugs
  6 endoplasms
  A giant cockroach (D:2)
  6 hobgoblins (D:1)
  4 jackals (D:1)
  6 kobolds
  2 quokkas
  6 ball pythons
  8 bats
  4 frilled lizards
  4 goblins
  3 rats
55 creatures vanquished.

Notes
Turn   | Place    | Note
-------+----------+-------------------------------------------
     0 | D:1      | gobodom the Octopode Transmuter began the quest for the
                  | Orb.
     0 | D:1      | Reached XP level 1. HP: 13/13 MP: 3/3
    30 | D:1      | Reached XP level 2. HP: 7/18 MP: 3/5
   448 | D:1      | Reached XP level 3. HP: 15/23 MP: 6/6
  1386 | D:2      | Reached XP level 4. HP: 15/28 MP: 5/7
  1598 | D:2      | Identified the +1 ring mail of the Cricket {rPois rC+ rCorr
                  | Int+2}
  1682 | D:2      | Noticed Jessica
  1690 | D:2      | Killed Jessica
  1691 | D:2      | Reached skill level 1 in Stealth
  1877 | D:3      | Noticed Ijyb
  1885 | D:3      | Killed Ijyb
  1886 | D:3      | Reached skill level 4 in Unarmed Combat
  1886 | D:3      | Reached XP level 5. HP: 25/33 MP: 6/9
  2054 | D:3      | Noticed Sigmund
  2067 | D:3      | Mangled by Sigmund

Illustrated notes

Levels and vault maps discovered:
D:1:      minmay_arrival_wavy_path, layout_basic
D:2:      layout_rooms, uniq_jessica
D:3:      layout_basic, minitemple, chequers_ecumenical_altar_simple_redux,
          minmay_randomly_rotated_circles, uniq_ijyb, uniq_sigmund

Skill      XL: |  1  2  3  4 |
---------------+-------------+-----
Stealth        | 1 |  1.9
Unarmed Combat | 4 |  4.0
Fighting       | |  1.2
Short Blades   | |  0.4
Dodging        | |  2.5
Spellcasting   | |  2.7
Transmutations | |  2.5

Action                   |  1- 3 |  4- 6 || total
-------------------------+-------+-------++-------
Melee: Unarmed           |    49 |       ||    49
       Tentacles         |     7 |     5 ||    12
       Constrict         |    20 |     6 ||    26
       Kick              |    13 |     5 ||    18
       Dagger            |    15 |    32 ||    47
       Punch             |     3 |       ||     3
 Cast: Beastly Appendage |    16 |     8 ||    24
 Stab: Sleeping          |     6 |     2 ||     8
Armor: Skin              |     2 |     1 ||     3
Dodge: Dodged            |    42 |    15 ||    57

Table legend: (Time is in decaauts)
 A = Elapsed time spent in this place.
 B = Non-inter-level travel time spent in this place.
 C = Inter-level travel time spent in this place.
 D = Time resting spent in this place.
 E = Time spent auto-exploring this place.
 F = Levels seen in this place.
 G = Mean time per level.
                   A        B        C        D        E       F      G
               +--------+--------+--------+--------+--------+-----+--------+
         Total |   2062 |   2020 |     42 |      0 |   1609 |   3 |  687.3 |
       Dungeon |   2062 |   2020 |     42 |      0 |   1609 |   3 |  687.3 |
               +--------+--------+--------+--------+--------+-----+--------+

Top non-repeatable levels by time:
     D:1: 1232 daAuts
     D:2: 640 daAuts
     D:3: 189 daAuts
